Map: Catalyst LE

Players

Serral - Winner!

  • Race: Zerg Zerg
  • Spawn Location: 11:00

Clem

  • Race: Terran Terran
  • Spawn Location: 5:00

Event: WCS Austin 2018

VOD

Have the link to the VOD?

Description

Time

  • Played on: June 1, 2018, 10:40 p.m.
  • Length: 3:40

All games in this series

Show
View Real Time Build Order
Export as new Build Order

Serral Zerg - Winner!

Build Orders: Pool First 

Get SALT Encoding   

  12  0:00  Drone  
  13  0:13  Overlord  
  13  0:17  Drone  
  14  0:31  Drone x2  
  14  0:35  Drone  
  17  0:45  Spawning Pool  
  17  0:49  Drone  
  17  1:09  Hatchery  
  16  1:11  Drone  
  17  1:26  Extractor  
  17  1:31  Zergling x6  
  17  1:32  Queen  
  21  1:43  Zergling x2, Extractor  
  23  1:54  Overlord  
  23  2:12  Queen  
  25  2:15  Zergling x4  
  25  2:21  Queen  
  28  2:25  Zergling x2  
  29  2:33  Spine Crawler  
  28  2:38  Zergling x2  
  28  2:40  Zergling x2  
  30  2:50  Queen  
  30  2:55  Zergling x2  
  30  2:57  Zergling x2  
  32  3:02  Zergling x2  
  32  3:04  Zergling x2  
  30  3:06  Zergling x2  
  30  3:11  Zergling x2  
  30  3:13  Zergling x2  
  30  3:19  Drone  
  33  3:20  Drone  
Show
View Real Time Build Order
Export as new Build Order

Clem Terran 

Build Orders:  

Get SALT Encoding   

  12  0:00  SCV  
  13  0:12  SCV  
  14  0:19  Supply Depot  
  14  0:30  SCV  
  15  0:42  Barracks  
  15  0:52  Barracks  
  15  0:57  SCV  
  16  1:10  Barracks  
  16  1:23  Barracks  
  16  1:30  Marine  
  17  1:41  Marine  
  17  1:45  Bunker  
  18  1:48  Marine  
  19  1:57  Supply Depot  
  19  1:58  Marine  
  20  2:02  Marine  
  20  2:06  Marine  
  22  2:10  Marine  
  22  2:22  Bunker  
  22  2:23  Marine  
  22  2:24  Marine  
  22  2:28  Marine  
  25  2:33  Marine  
  25  2:41  Marine  
  26  2:48  Marine  
  26  2:49  Marine  
  26  2:50  Marine  
  28  3:03  Marine  
  24  3:06  Marine  
  24  3:08  Marine  
  24  3:09  Marine  
  24  3:21  Marine  
Tags
 
Add a new tag
Caveats
  • Supply blocks, unpowered buildings, or Contaminate may cause inaccurate times.
  • Supply counts are checked every 10 seconds.